 Dungeon Crawl Stone Soup version 0.28.0-45-g0d030f2227 (webtiles) character file.

Game seed: 407219243314958578

126 Vangrel the Skirmisher (level 5, 0/48 HPs)
             Began as a Hill Orc Fighter on Apr 8, 2022.
             Succumbed to an adder's poison
             ... on level 3 of the Dungeon.
             The game lasted 00:06:42 (2294 turns).

Vangrel the Skirmisher (Hill Orc Fighter)           Turns: 2294, Time: 00:06:43

Health: 0/48       AC: 10    Str: 21    XL:     5   Next: 9%
Magic:  5/5        EV:  9    Int:  8    God:
Gold:   96         SH:  4    Dex: 10    Spells: 4/4 levels left

rFire   . . .      SeeInvis .   a - +0 war axe
rCold   . . .      Faith    .   c - +0 buckler
rNeg    . . .      Spirit   .   b - +0 scale mail
rPois   .          Reflect  .   (no helmet)
rElec   .          Harm     .   (no cloak)
rCorr   .          Rampage  .   g - +2 pair of gloves
Will    .....                   (no boots)
Stlth   ..........              (no amulet)
HPRegen 0.16/turn               o - +4 ring of slaying
MPRegen 0.09/turn               (no ring)

@: lethally poisoned (0 -> -7)
A: no striking features
a: no special abilities


You were on level 3 of the Dungeon.
You visited 1 branch of the dungeon, and saw 3 of its levels.

You collected 96 gold pieces.


   Skills:
 + Level 5.3 Fighting
 + Level 5.1 Axes
 - Level 3.2 Armour
 - Level 0.2 Dodging
 - Level 3.2 Shields


You had 4 spell levels left.
You didn't know any spells.
Your spell library was empty.

Dungeon Overview and Level Annotations

Branches:
Dungeon (3/15)

Altars:

Inventory:

Hand Weapons
 a - a +0 war axe (weapon)
 n - a +0 demon whip
   (You found it on level 2 of the Dungeon)
Missiles
 i - 79 stones (quivered)
Armour
 b - a +0 scale mail (worn)
 c - a +0 buckler (worn)
 g - a +2 pair of gloves (worn)
   (You found it on level 1 of the Dungeon)
Jewellery
 o - a +4 ring of slaying (left hand)
   (You found it on level 2 of the Dungeon)
Scrolls
 h - a scroll of teleportation {unknown}
 j - a scroll of fog {unknown}
 m - a scroll of holy word {unknown}
Potions
 d - a potion of might
 e - 2 potions of heal wounds {unknown}
 f - 2 potions of degeneration {unknown}
 k - a potion of brilliance {unknown}
 l - 2 potions of curing {unknown}
 p - a potion of ambrosia {unknown}
 q - a potion of mutation {unknown}

############# #########
#...o)......###....#...
#..#.#@####.#....#...##
#.#..#.†..#.##.....##
.o....#.####.##..##...
########..........##..#
################


You could see an orc.


Message History

The adder barely misses you.
The kobold hits you with a +0 dagger of venom.
The adder bites you but does no damage. The kobold hits you but does no damage.
You are more poisoned.
You closely miss the kobold. You miss the adder.
You feel very sick. The adder bites you.
You are more poisoned.
The adder poisons you!
The kobold hits you with a +0 dagger of venom.
You are more poisoned.
You slash the adder!
The adder is almost dead.
You slash the kobold!
You kill the kobold!
You feel very sick. The adder bites you.
The orc throws a stone.
The stone barely misses you. The adder bites you but does no damage.
You barely miss the adder.
The adder is almost dead.
You feel very sick. The adder bites you.
* * * LOW HITPOINT WARNING * * *
You are lethally poisoned!
The adder poisons you!
The orc throws a stone.
The stone hits you.
* * * LOW HITPOINT WARNING * * *
You block the adder's attack.
The orc throws a stone.
You block the stone.
You slash the adder!
You kill the adder!
* * * LOW HITPOINT WARNING * * *
You feel very sick.
An orc comes into view. It is wielding a +0 whip.
* * * LOW HITPOINT WARNING * * *
You feel very sick. The orc hits you but does no damage.
You see here an adder corpse.
You hit the orc.
The orc is almost dead.
* * * LOW HITPOINT WARNING * * *
You feel very sick. The orc closely misses you.
You closely miss the orc.
The orc is almost dead.
* * * LOW HITPOINT WARNING * * *
You feel sick. The orc hits you with a +0 falchion.
* * * LOW HITPOINT WARNING * * *
The orc shouts!
You slash the orc!
You kill the orc!
You die...

Levels and vault maps discovered:
D:1:      minmay_arrival_three_doors, layout_loops_ring,
          shapermc_ecumenical_altar_pompeii, ebering_dispersal_statue_hall,
          st_stairs_12, minmay_tree_intersection
D:2:      layout_basic
D:3:      minmay_thinvault, layout_rooms, portal_sewer_entry_f, uniq_terence

Vanquished Creatures
  A gnoll (D:3)
  6 adders
  3 dart slugs
  2 orcs (D:3)
  3 endoplasms
  3 giant cockroaches
  3 goblins
  4 hobgoblins
  3 jackals (D:3)
  5 quokkas
  2 ball pythons
  3 bats
  4 frilled lizards
  10 kobolds
  7 rats
59 creatures vanquished.

Table legend: (Time is in decaauts)
 A = Elapsed time spent in this place.
 B = Non-inter-level travel time spent in this place.
 C = Inter-level travel time spent in this place.
 D = Time resting spent in this place.
 E = Time spent auto-exploring this place.
 F = Levels seen in this place.
 G = Mean time per level.
                   A        B        C        D        E       F      G
               +--------+--------+--------+--------+--------+-----+--------+
         Total |   2345 |   2256 |     89 |    324 |   1320 |   3 |  781.7 |
       Dungeon |   2345 |   2256 |     89 |    324 |   1320 |   3 |  781.7 |
               +--------+--------+--------+--------+--------+-----+--------+

Top non-repeatable levels by time:
     D:2: 1184 daAuts
     D:1: 859 daAuts
     D:3: 302 daAuts

Table legend:
 A = Kills in this place as a percentage of kills in entire the game.
 B = Kills by you in this place as a percentage of kills by you in the entire game.
 C = Kills by friends in this place as a percentage of kills by friends in the entire game.
 D = Other kills in this place as a percentage of other kills in the entire game.
 E = Experience gained in this place as a percentage of experience gained in the entire game.
 F = Experience gained in this place divided by the number of levels of this place that you have seen.
                   A       B       C       D       E      F
               +-------+-------+-------+-------+-------+----------------------
         Total | 100.0 | 100.0 |   N/A |   N/A | 100.0 |  61.0
       Dungeon | 100.0 | 100.0 |   N/A |   N/A | 100.0 |  61.0
               +-------+-------+-------+-------+-------+----------------------

Notes
Turn   | Place    | Note
-------+----------+-------------------------------------------
     0 | D:1      | Vangrel the Hill Orc Fighter began the quest for the Orb.
     0 | D:1      | Reached XP level 1. HP: 19/19 MP: 1/1
   182 | D:1      | Reached skill level 3 in Axes
   297 | D:1      | Reached XP level 2. HP: 27/27 MP: 2/2
   301 | D:1      | Reached skill level 4 in Fighting
   564 | D:1      | Found a faded altar of an unknown god.
   878 | D:2      | Reached XP level 3. HP: 33/33 MP: 3/3
  1270 | D:2      | Reached skill level 4 in Axes
  2009 | D:3      | Reached XP level 4. HP: 41/41 MP: 4/4
  2070 | D:3      | Reached skill level 5 in Fighting
  2277 | D:3      | Reached skill level 5 in Axes
  2277 | D:3      | Reached XP level 5. HP: 46/48 MP: 5/5
  2290 | D:3      | HP: 11/48 [poisoned by an adder]
  2292 | D:3      | HP: 5/48 [poisoned by an adder]
  2293 | D:3      | HP: 2/48 [orc/+0 falchion (1)]
  2294 | D:3      | Succumbed to an adder's poison

Action                   |  1- 3 |  4- 6 || total
-------------------------+-------+-------++-------
Melee: War axe           |   112 |    41 ||   153
Armor: Scale mail        |    67 |    31 ||    98
Dodge: Dodged            |    58 |    14 ||    72
Block: Buckler           |    28 |     6 ||    34
